 Dungeon Crawl Stone Soup version 0.29.0-4-gdea44cf6ec (webtiles) character file.

Game seed: 13516652057264925617

3518 qw the Cleaver (level 9, -4/75 HPs)
             Began as a Minotaur Berserker on Sept 9, 2022.
             Was a Priest of Trog.
             Succumbed to an orange demon's poison
             ... on level 8 of the Dungeon.
             The game lasted 00:02:04 (6504 turns).

qw the Cleaver (Minotaur Berserker)                 Turns: 6504, Time: 00:02:04

Health: -4/75      AC: 20    Str: 27    XL:     9   Next: 81%
Magic:  8/8        EV:  6    Int:  8    God:    Trog [***...]
Gold:   340        SH: 10    Dex: 12    Spells: 8/8 levels left

rFire   . . .      SeeInvis +   m - +11 hand axe of Duty {protect, Int+4 Dex+3}
rCold   . . .      Faith    .   d - +0 kite shield
rNeg    . . .      Spirit   .   h - +0 plate armour
rPois   .          Reflect  .   (helmet restricted)
rElec   .          Harm     .   (no cloak)
rCorr   .          Rampage  .   (no gloves)
Will    .....                   j - +0 pair of boots
Stlth   ..........              (no amulet)
HPRegen 0.22/turn               i - ring of see invisible
MPRegen 0.11/turn               (no ring)

@: lethally poisoned (-4 -> -20), about to teleport, under a protective aura, on
berserk cooldown, slowed, very slow
A: horns 2, retaliatory headbutt
a: Renounce Religion, Berserk, Trog's Hand


You were on level 8 of the Dungeon.
You worshipped Trog.
Trog was most pleased with you.
You visited 1 branch of the dungeon, and saw 8 of its levels.

You collected 430 gold pieces.
You spent 90 gold pieces at shops.


Innate Abilities, Weirdness & Mutations

You have a pair of horns on your head.
You reflexively headbutt those who attack you in melee.


   Skills:
 + Level 6.0 Fighting
 - Level 13.0 Axes
 - Level 1.1 Throwing
 - Level 5.3 Armour
 - Level 2.1 Dodging
 - Level 8.5 Shields


You had 8 spell levels left.
You didn't know any spells.
Your spell library was empty.

Inventory:

Hand Weapons
 l - a +0 flail
 m - the +11 hand axe of Duty (weapon) {protect, Int+4 Dex+3}
   (You found it on level 3 of the Dungeon)

   It grants its wielder temporary protection when it strikes (+7 to AC).
   Int:       It affects your intelligence (+4).
   Dex:       It affects your dexterity (+3).
Missiles
 k - a boomerang (quivered)
Armour
 d - a +0 kite shield (worn)
 h - a +0 plate armour (worn)
 j - a +0 pair of boots (worn)
Jewellery
 i - a ring of see invisible (left hand)
Wands
 g - a wand of digging (2)
Scrolls
 c - 6 scrolls of identify
 f - a scroll of teleportation
Potions
 a - 2 potions of resistance
 b - 2 potions of haste
 e - 6 potions of curing
 n - a potion of heal wounds {unknown}

Dungeon Overview and Level Annotations

Branches:
Dungeon (8/15)             Temple (0/1) D:7
   Lair: D:8-11

Altars:
Ru
Zin

Shops:
D:1 [

Annotations:
D:8 Grum, Joseph


Message History

The orange demon is moderately wounded.
You hit the wolf.
You feel sick. You block the wolf's attack. The orange demon stings you.
The orange demon hits you but does no damage.
You block Grum's attack. The wolf barely misses you.
You block the wolf's attack.
You slash the orange demon!
You headbutt the orange demon, but do no damage.
The orange demon is heavily wounded.
You hit the steam dragon. You slash the wolf!
You hit the wolf but do no damage.
You feel sick. You block the wolf's attack.
The wolf bites you but does no damage. The orange demon stings you.
You are lethally poisoned!
The orange demon poisons you! You block the orange demon's attack.
You block Grum's attack. The steam dragon barely misses you.
The steam dragon closely misses you. The wolf closely misses you.
You furiously retaliate!
You headbutt the wolf. The wolf bites you but does no damage.
The steam dragon closely misses you. You block the steam dragon's attack.
The orange demon stings you. The orange demon hits you.
Grum growls, "You will fight me?
This will be... rough!"
Grum hits you but does no damage.
6503 ||| READING 2 scrolls of teleportation.
As you read the scroll of teleportation, it crumbles to dust.
You feel strangely unstable.
You feel extremely sick. The wolf barely misses you.
The wolf bites you but does no damage. x3
The wolf bites you.
The orange demon stings you but does no damage.
The orange demon hits you but does no damage.
You block Grum's attack.
Joseph, a Mercenary comes into view.
He is wielding a +0 quarterstaff.
The steam dragon bites you but does no damage.
The steam dragon claws you but does no damage.
The wolf bites you but does no damage. You block the wolf's attack.
You slash the orange demon! You headbutt the orange demon.
The orange demon is severely wounded.
You hit the wolf. You barely miss the steam dragon. You hit the wolf. x2
You slash the wolf!
You die...

@## # #.... #. #..#.##
####.#### z......
#.......##z# #.#.## #
......>..z.# #.#..#####.
......hhD)# #.##.......
.....!4@.[# #.##.#.#...
......hh..####.##.#...#.
.....g..)..##>....#...#.
....#...##..............
)## #######.#..######..#
.....## #...# ........#
###.#..
#..###.##.###...##. ..
#.##.....### #


You could see Joseph, an orange demon, Grum, a steam dragon, 4 wolves and 3
wights.

Vanquished Creatures
  Amaemon (D:8)
  Pikel (D:7)
  A hornet (D:8)
  A wyvern (D:8)
  A steam dragon (D:8)
  A water moccasin (D:6)
  Duvessa (D:6)
  An orc warrior (D:5)
  2 ice beasts (D:7)
  An ogre (D:5)
  2 black bears
  A phantom (D:4)
  A gnoll sergeant (D:6)
  A scorpion (D:6)
  A bullfrog (D:7)
  A wight (D:8)
  Dowan (D:6)
  3 killer bees
  A jelly (D:7)
  6 hounds
  3 orc priests
  A gnoll bouda (D:5)
  3 iguanas (D:4)
  Terence (D:3)
  4 orc wizards (D:7)
  9 adders
  11 gnolls
  2 shadow imps
  A dart slug (D:4)
  2 worms
  14 orcs
  4 bats
  7 endoplasms
  A giant cockroach (D:4)
  7 goblins
  11 hobgoblins
  4 jackals (D:1)
  3 quokkas
  8 ball pythons
  A frilled lizard (D:1)
  7 kobolds
  4 rats
137 creatures vanquished.

Vanquished Creatures (others)
  A shadow imp (D:8)
1 creature vanquished.

Grand Total: 138 creatures vanquished

Notes
Turn   | Place    | Note
-------+----------+-------------------------------------------
     0 | D:1      | qw the Minotaur Berserker began the quest for the Orb.
     0 | D:1      | Reached XP level 1. HP: 19/19 MP: 0/0
     0 | D:1      | 0 ||| qw: Version: 0.1-a-113-g051387a
     0 | D:1      | 0 ||| qw: Game counter: 7354
     0 | D:1      | 0 ||| qw: Always use a shield: true
     0 | D:1      | 0 ||| qw: Do Orc after D:15 true
     0 | D:1      | 0 ||| qw: Do second Lair branch before Depths: true
     0 | D:1      | 0 ||| qw: Lair rune preference: random
     0 | D:1      | 0 ||| qw: Plans: Normal
     0 | D:1      | 0 ||| PLANNING D:1-11
    61 | D:1      | Reached skill level 4 in Axes
   141 | D:1      | Reached XP level 2. HP: 25/26 MP: 1/1
   328 | D:1      | 328 ||| DROPPING +0 club.
   333 | D:1      | Found Lotiptu's Antique Armour Boutique.
   342 | D:1      | 342 ||| SHOPLISTING cloak (72 gold, have 11).
   342 | D:1      | 342 ||| SHOPLISTING plate armour (368 gold, have 11).
   342 | D:1      | 342 ||| SHOPLISTING transparent leather armour (112 gold,
                  | have 11).
   424 | D:1      | 424 ||| Stepping ~*~*~tactically~*~*~ (stealth).
   588 | D:1      | Found a faded altar of an unknown god.
   849 | D:1      | 849 ||| DROPPING orb of wrath.
   850 | D:1      | 850 ||| UPGRADING to +0 ring mail.
   860 | D:1      | 860 ||| DROPPING +0 animal skin.
   861 | D:1      | 861 ||| READING 2 scrolls labelled IFYTRO ZILA.
   864 | D:1      | 864 ||| READING 2 scrolls labelled KAASON MIAM.
   865 | D:1      | 865 ||| READING scroll labelled HYIMOM ZORGH.
   866 | D:1      | 866 ||| READING scroll labelled ESOT ZIPIG.
   867 | D:1      | 867 ||| DROPPING scroll of fear.
   917 | D:2      | Reached skill level 5 in Axes
   961 | D:2      | 961 ||| Stepping ~*~*~tactically~*~*~ (hiding).
   966 | D:2      | 966 ||| Stepping ~*~*~tactically~*~*~ (hiding).
   971 | D:2      | Reached ** piety under Trog
   972 | D:2      | Reached XP level 3. HP: 30/31 MP: 2/2
  1155 | D:2      | 1155 ||| INVOKING Berserk.
  1324 | D:2      | 1324 ||| Stepping ~*~*~tactically~*~*~ (stealth).
  1357 | D:2      | 1357 ||| Stepping ~*~*~tactically~*~*~ (stealth).
  1560 | D:2      | 1560 ||| UPGRADING to +1 scale mail of fire resistance.
  1570 | D:2      | 1570 ||| DROPPING +0 ring mail.
  1571 | D:2      | 1571 ||| READING 4 scrolls labelled CYUP ZEKHLOA.
  1572 | D:2      | 1572 ||| READING scroll labelled RIREYSCH QOUBLO.
  1573 | D:2      | 1573 ||| READING scroll labelled VECKUG IWYO.
  1712 | D:2      | 1712 ||| READING scroll labelled NUMENEAHI.
  1713 | D:2      | 1713 ||| READING 3 scrolls of identify.
  1713 | D:2      | 1713 ||| IDENTIFYING lumpy coppery potion
  1714 | D:2      | 1714 ||| READING 2 scrolls of identify.
  1714 | D:2      | 1714 ||| IDENTIFYING bubbling amethyst potion
  1715 | D:2      | 1715 ||| DROPPING potion of degeneration.
  1880 | D:3      | Noticed Terence
  1885 | D:3      | 1885 ||| INVOKING Berserk.
  1887 | D:3      | Killed Terence
  1888 | D:3      | Reached skill level 6 in Axes
  1888 | D:3      | Reached XP level 4. HP: 39/39 MP: 3/3
  2304 | D:3      | 2304 ||| UPGRADING to +0 pair of boots.
  2364 | D:3      | Identified the +11 hand axe of Duty {protect, Int+4 Dex+3}
  2366 | D:3      | 2366 ||| SWAPPING to +11 hand axe of Duty {protect, Int+4
                  | Dex+3}.
  2367 | D:3      | 2367 ||| DROPPING +1 vorpal hand axe.
  2582 | D:3      | 2582 ||| READING scroll labelled LAIDORRYRALL.
  2583 | D:3      | 2583 ||| READING scroll labelled ICOARCH VASU.
  2584 | D:3      | 2584 ||| READING scroll labelled KEVUUM WIXEKK.
  2585 | D:3      | 2585 ||| DRINKING 3 emerald potions.
  2586 | D:3      | 2586 ||| READING 2 scrolls of identify.
  2586 | D:3      | 2586 ||| IDENTIFYING brown potion
  2587 | D:3      | 2587 ||| DROPPING 2 potions of flight.
  2588 | D:3      | 2588 ||| READING scroll of teleportation.
  2620 | D:4      | 2620 ||| INVOKING Berserk.
  2623 | D:4      | Reached skill level 7 in Axes
  2623 | D:4      | Reached XP level 5. HP: 45/45 MP: 4/4
  2816 | D:4      | 2816 ||| Stepping ~*~*~tactically~*~*~ (hiding).
  2819 | D:4      | Noticed a phantom
  2827 | D:4      | Killed a phantom
  2834 | D:4      | Reached XP level 6. HP: 34/56 MP: 5/5
  3092 | D:4      | 3092 ||| Stepping ~*~*~tactically~*~*~ (stealth).
  3185 | D:4      | 3185 ||| Stepping ~*~*~tactically~*~*~ (stealth).
  3187 | D:4      | 3187 ||| INVOKING Berserk.
  3384 | D:4      | Reached skill level 8 in Axes
  3484 | D:4      | 3484 ||| DROPPING +0 mace.
  3624 | D:4      | Found Zin's Purification Station.
  3627 | D:4      | Found a glowing silver altar of Zin.
  3630 | D:4      | 3630 ||| BUYING potion of curing (90 gold).
  3630 | D:4      | Bought a potion of curing for 90 gold pieces
  3692 | D:4      | 3692 ||| DROPPING orb of energy.
  3693 | D:4      | 3693 ||| UPGRADING to ring of see invisible.
  3694 | D:4      | 3694 ||| READING scroll labelled ASIAGOAFRA.
  3695 | D:4      | 3695 ||| READING 3 scrolls of identify.
  3695 | D:4      | 3695 ||| IDENTIFYING glowing ruby potion
  3696 | D:4      | 3696 ||| READING 2 scrolls of identify.
  3696 | D:4      | 3696 ||| IDENTIFYING fizzy puce potion
  3697 | D:4      | 3697 ||| DROPPING potion of invisibility.
  3715 | D:5      | Entered Level 5 of the Dungeon
  3719 | D:5      | 3719 ||| STAIRDANCE
  3766 | D:5      | 3766 ||| Stepping ~*~*~tactically~*~*~ (stealth).
  3771 | D:5      | 3771 ||| INVOKING Berserk.
  3774 | D:5      | Reached XP level 7. HP: 61/61 MP: 6/6
  3783 | D:5      | 3783 ||| Stepping ~*~*~tactically~*~*~ (stealth).
  3784 | D:5      | 3784 ||| Stepping ~*~*~tactically~*~*~ (stealth).
  3791 | D:5      | Reached skill level 9 in Axes
  3915 | D:5      | 3915 ||| Stepping ~*~*~tactically~*~*~ (stealth).
  3916 | D:5      | 3916 ||| Stepping ~*~*~tactically~*~*~ (stealth).
  3918 | D:5      | 3918 ||| Stepping ~*~*~tactically~*~*~ (stealth).
  3921 | D:5      | 3921 ||| INVOKING Berserk.
  3947 | D:5      | Reached skill level 10 in Axes
  3948 | D:5      | Reached *** piety under Trog
  4131 | D:5      | 4131 ||| INVOKING Berserk.
  4134 | D:5      | Reached skill level 6 in Fighting
  4396 | D:5      | 4396 ||| DROPPING +0 scale mail of cold resistance.
  4397 | D:5      | 4397 ||| UPGRADING to +0 plate armour.
  4407 | D:5      | 4407 ||| DROPPING +1 scale mail of fire resistance.
  4408 | D:5      | 4408 ||| READING scroll labelled TAR ESHRILAISOWK.
  4409 | D:5      | 4409 ||| DRINKING 2 metallic white potions.
  4410 | D:5      | 4410 ||| DROPPING potion of brilliance.
  4453 | D:6      | Reached skill level 3 in Armour
  4463 | D:6      | 4463 ||| FLEEEEING.
  4464 | D:6      | 4464 ||| FLEEEEING.
  4465 | D:6      | 4465 ||| STAIRDANCE
  4514 | D:5      | 4514 ||| READING 4 scrolls of identify.
  4514 | D:5      | 4514 ||| IDENTIFYING golden potion
  4515 | D:5      | 4515 ||| DROPPING potion of berserk rage.
  4521 | D:6      | Reached XP level 8. HP: 68/70 MP: 7/7
  4550 | D:6      | Noticed Duvessa
  4550 | D:6      | Noticed Dowan
  4551 | D:6      | 4551 ||| Stepping ~*~*~tactically~*~*~ (hiding).
  4556 | D:6      | 4556 ||| INVOKING Berserk.
  4559 | D:6      | Killed Duvessa
  4561 | D:6      | Killed Dowan
  4567 | D:6      | 4567 ||| Stepping ~*~*~tactically~*~*~ (stealth).
  4620 | D:6      | 4620 ||| Stepping ~*~*~tactically~*~*~ (stealth).
  4684 | D:6      | Found a sacrificial altar of Ru.
  5029 | D:6      | 5029 ||| UPGRADING to +0 kite shield.
  5034 | D:6      | 5034 ||| READING scroll labelled GILULYEXKO.
  5047 | D:7      | 5047 ||| STAIRDANCE
  5050 | D:6      | Reached skill level 1 in Shields
  5102 | D:7      | 5102 ||| Stepping ~*~*~tactically~*~*~ (hiding).
  5108 | D:7      | Reached skill level 3 in Shields
  5353 | D:7      | 5353 ||| Stepping ~*~*~tactically~*~*~ (hiding).
  5358 | D:7      | 5358 ||| Stepping ~*~*~tactically~*~*~ (hiding).
  5397 | D:7      | Found a staircase to the Ecumenical Temple.
  5433 | D:7      | Noticed Pikel
  5435 | D:7      | 5435 ||| Stepping ~*~*~tactically~*~*~ (stealth).
  5438 | D:7      | 5438 ||| Stepping ~*~*~tactically~*~*~ (stealth).
  5439 | D:7      | 5439 ||| INVOKING Berserk.
  5443 | D:7      | Killed Pikel
  5444 | D:7      | Reached XP level 9. HP: 75/75 MP: 8/8
  5575 | D:7      | 5575 ||| INVOKING Berserk.
  5697 | D:7      | Reached skill level 1 in Throwing
  5698 | D:7      | Reached skill level 11 in Axes
  5698 | D:7      | 5698 ||| INVOKING Berserk.
  5963 | D:7      | 5963 ||| INVOKING Berserk.
  6059 | D:7      | 6059 ||| Stepping ~*~*~tactically~*~*~ (stealth).
  6248 | D:8      | 6248 ||| Stepping ~*~*~tactically~*~*~ (hiding).
  6250 | D:8      | 6250 ||| Stepping ~*~*~tactically~*~*~ (hiding).
  6252 | D:8      | 6252 ||| INVOKING Berserk.
  6284 | D:8      | 6284 ||| FLEEEEING.
  6285 | D:8      | 6285 ||| FLEEEEING.
  6286 | D:8      | 6286 ||| FLEEEEING.
  6287 | D:8      | 6287 ||| FLEEEEING.
  6288 | D:8      | 6288 ||| FLEEEEING.
  6289 | D:8      | 6289 ||| FLEEEEING.
  6479 | D:8      | 6479 ||| Stepping ~*~*~tactically~*~*~ (cloud).
  6481 | D:8      | 6481 ||| Stepping ~*~*~tactically~*~*~ (hiding).
  6482 | D:8      | Noticed Amaemon
  6484 | D:8      | 6484 ||| INVOKING Berserk.
  6488 | D:8      | Noticed an orange demon
  6492 | D:8      | Noticed Grum
  6496 | D:8      | Killed Amaemon
  6497 | D:8      | Reached skill level 13 in Axes
  6502 | D:8      | HP: 17/75 [orange demon[Amaemon] (3)]
  6503 | D:8      | 6503 ||| READING 2 scrolls of teleportation.
  6503 | D:8      | HP: 6/75 [poisoned by an orange demon]
  6503 | D:8      | HP: 1/75 [wolf[Grum] (5)]
  6503 | D:8      | Noticed Joseph
  6504 | D:8      | Succumbed to an orange demon's poison

Levels and vault maps discovered:
D:1:      elethiomel_arrival_infinity_welcomes_careful_drivers, layout_basic,
          dreamdust_ecumenical_altar_angels_and_demons, serial_shops, shop
D:2:      layout_basic, kennysheep_generic_room_12
D:3:      layout_loops_ring, feat_on_display, uniq_terence
D:4:      layout_basic, zin_purify
D:5:      layout_rooms, nrook_campfire
D:6:      layout_rooms, nicolae_ru_the_path_less_chosen,
          hangedman_abyss_or_decor_lesser_grid, uniq_duvessa
D:7:      layout_loops_ring, minmay_temple_entry_waves, uniq_pikel
D:8:      layout_rooms, gammafunk_temple_overflow_forgotten, uniq_grum,
          uniq_joseph, uniq_amaemon

Skill      XL: |  1  2  3  4  5  6  7  8  9 |
---------------+----------------------------+-----
Axes           | 4 5 6 7 8 10 13 | 13.0
Fighting       | 5 6 |  6.0
Armour         | 4 5 |  5.3
Shields        | 7 8 |  8.5
Throwing       | 1 |  1.1
Dodging        | |  2.1

Action                   |  1- 3 |  4- 6 |  7- 9 || total
-------------------------+-------+-------+-------++-------
Melee: Hand axe          |    76 |    74 |   123 ||   273
       Headbutt          |     4 |     6 |    19 ||    29
       Punch             |       |       |     1 ||     1
Throw: Boomerang         |       |       |    14 ||    14
Invok: Berserk           |     2 |     3 |     9 ||    14
  Use: Scroll            |    10 |     8 |     4 ||    22
       Potion            |       |     1 |     1 ||     2
Armor: Ring mail         |     8 |       |       ||     8
       Animal skin       |     1 |       |       ||     1
       Scale mail        |     7 |    20 |    19 ||    46
       Plate armour      |       |       |    54 ||    54
Dodge: Dodged            |    36 |    29 |    35 ||   100
Block: Kite shield       |       |       |    28 ||    28

Table legend:
 A = Non-vault XP
 B = Vault XP
 C = Vault XP percentage of total XP
 D = Non-vault monster count
 E = Vault monster count
 F = Vault count percentage of total count
                 A         B        C        D         E       F
            +---------+---------+-------+---------+---------+-------
      Total |    3348 |    1679 |  33.4 |     131 |       6 |   4.4
            +---------+---------+-------+---------+---------+-------
        D:1 |      34 |       0 |   0.0 |      20 |       0 |   0.0
        D:2 |      25 |       1 |   3.8 |      13 |       1 |   7.1
        D:3 |      88 |      36 |  29.0 |      13 |       1 |   7.1
        D:4 |     411 |       0 |   0.0 |      28 |       0 |   0.0
        D:5 |     646 |       0 |   0.0 |      18 |       0 |   0.0
        D:6 |     487 |     222 |  31.3 |      11 |       2 |  15.4
        D:7 |     887 |     651 |  42.3 |      19 |       1 |   5.0
        D:8 |     770 |     769 |  50.0 |       9 |       1 |  10.0
            +---------+---------+-------+---------+---------+-------
